 Dungeon Crawl Stone Soup version 0.17.0-18-gaab0e96 (webtiles) character file.

436 MDvedh the Cudgeler (level 7, -12/37 HPs)
             Began as a Gargoyle Earth Elementalist on Nov 11, 2015.
             Was an Initiate of Qazlal.
             Mangled by an ogre
             ... wielding a +0 giant club
              (14 damage)
             ... on level 4 of the Dungeon.
             The game lasted 00:12:18 (5554 turns).

MDvedh the Cudgeler (Gargoyle Earth Elementalist)   Turns: 5554, Time: 00:12:18

Health: -12/37     AC: 17    Str: 14    XL:     7   Next: 1%
Magic:  10/10      EV:  5    Int: 15    God:    Qazlal [......]
Gold:   169        SH:  3    Dex: 10    Spells: 1 memorised, 9 levels left

rFire  + . .     SeeInvis .     o - +0 flail
rCold  . . .     Clarity  .     f - +1 chain mail
rNeg   + . .     SustAt   .     p - +0 buckler {reflect}
rPois  ∞         Gourm    .     (no helmet)
rElec  +         Spirit   .     (no cloak)
rCorr  .         Warding  .     (no gloves)
rMut   .         Stasis   .     w - +2 pair of boots
MR     .....                    (no amulet)
Stlth  ..........               t - ring of protection from fire
                                g - +1 ring of protection

@: not resistant to hostile enchantments, extremely unstealthy
A: negative energy resistance 1, electricity resistance, unbreathing,
petrification resistance, rot immunity, AC +4
a: Renounce Religion


You were on level 4 of the Dungeon.
You worshipped Qazlal.
Qazlal was noncommittal.
You were not hungry.

You visited 1 branch of the dungeon, and saw 4 of its levels.

You collected 169 gold pieces.

Inventory:

Hand Weapons
 n - a +0 mace
 o - a +0 flail (weapon)
Armour
 f - a +1 chain mail (worn)
 p - a +0 buckler of reflection (worn)
 w - a +2 pair of boots (worn)
Jewellery
 g - a +1 ring of protection (left hand)
 t - a ring of protection from fire (right hand)
Wands
 k - a wand of hasting (6)
 u - a wand of flame (20)
 x - a wand of slowing (26)
Scrolls
 b - a scroll of enchant armour
 j - 2 scrolls of remove curse
 m - 3 scrolls of recharging
Potions
 h - a potion of resistance
 i - 2 potions of flight {unknown}
 r - a potion of might
 v - a potion of magic {unknown}
 z - a potion of cancellation {unknown}
 A - 2 potions of poison {unknown}
Books
 c - a book of Geomancy

   Spells                             Type                      Level
   a - Sandblast                      Earth                        1
   b - Stoneskin                      Transmutation/Earth          2
   c - Passwall                       Transmutation/Earth          3
   d - Stone Arrow                    Conjuration/Earth            3
   e - Petrify                        Transmutation/Earth          4
   f - Lee's Rapid Deconstruction     Earth                        5
Comestibles
 d - 3 bread rations
 l - a chunk of flesh
 B - a meat ration


   Skills:
 - Level 0.4 Fighting
 + Level 6.8 Maces & Flails
 - Level 1.5 Dodging
 - Level 2.1 Stealth
 - Level 2.0 Spellcasting
   Level 0.7 Transmutations
 - Level 3.6 Earth Magic


You had 9 spell levels left.
You knew the following spells:

 Your Spells              Type           Power        Failure   Level  Hunger
a - Sandblast             Erth           ##....       100%        1    #......


Dungeon Overview and Level Annotations

Branches:
Dungeon (4/15)
 Temple: D:4-7

Altars:
Cheibriados
Dithmenos
Elyvilon
Qazlal
Xom


Innate Abilities, Weirdness & Mutations

You are resistant to torment.
Your stone body is resilient (AC +4).
You are immune to poison.
You resist negative energy.
You are resistant to electric shocks.
You can survive without breathing.
You are immune to petrification.
You are immune to rotting.


Message History

You are too injured to fight recklessly!
You are too injured to fight recklessly!
Drink which item? (? for menu, Esc to quit)
You feel much better. The ogre hits you with a giant club!
You hit the ogre but do no damage.
The ogre is lightly wounded.
You hit the ogre.
The ogre is moderately wounded.
The ogre hits you with a giant club!
* * * LOW HITPOINT WARNING * * *
You are too injured to fight recklessly!
You are too injured to fight recklessly!
You are too injured to fight recklessly!
You sock the ogre!
The ogre is heavily wounded.
You block the ogre's attack.
You hit the ogre.
The ogre is heavily wounded.
The ogre hits you with a giant club!
You die...

#.# #.... #.#####...# ###
#####.#.......## #..
..##.#......≈≈≈ ######.###
#.##.#.....≈≈..
.........#######.##.......≈...
##.............O......≈.._
####.....######O####.....≈.§l
#...#####.# #@# ......≈≈..
#.##.# ## #.# #.##..#.≈≈≈ #.#
#.# #.# #. ..#?... #.# #.# #.#
#. ..# ### #.# ## #.# #. ...
#.# #.# #.# #.# #.# ..# #.#
###


You could see an ogre.

Vanquished Creatures
  A giant frog (D:3)
  A centaur zombie (D:3)
  A centaur skeleton (D:3)
  An orc priest (D:3)
  2 orc wizards (D:3)
  Natasha (thrice) (D:2)
  An iguana (D:4)
  A gnoll (D:2)
  4 adders
  2 adder skeletons
  3 worms
  3 giant geckos
  8 orcs
  14 bats
  5 giant cockroaches
  9 hobgoblins
  9 jackals
  12 kobolds
  2 quokkas
  A ball python (D:3)
  A ball python zombie (D:3)
  4 giant newts
  8 goblins
  A jackal skeleton (D:4)
  8 rats
105 creatures vanquished.

Vanquished Creatures (others)
  A quokka (D:3)
  A giant newt (D:4)
2 creatures vanquished.

Grand Total: 107 creatures vanquished

Notes
Turn   | Place    | Note
--------------------------------------------------------------
     0 | D:1      | MDvedh the Gargoyle Earth Elementalist began the quest for the Orb.
     0 | D:1      | Reached XP level 1. HP: 10/10 MP: 3/3
   132 | D:1      | Reached skill level 1 in Maces & Flails
   256 | D:1      | Reached XP level 2. HP: 14/16 MP: 5/5
  1382 | D:1      | Reached XP level 3. HP: 20/20 MP: 6/6
  1732 | D:2      | Noticed Natasha
  1757 | D:2      | Killed Natasha
  1757 | D:2      | Reached XP level 4. HP: 12/24 MP: 7/7
  2512 | D:2      | Noticed Natasha
  2523 | D:2      | Killed Natasha
  2523 | D:2      | Reached skill level 4 in Maces & Flails
  2797 | D:2      | Noticed Natasha
  2822 | D:2      | Killed Natasha
  3002 | D:2      | Reached XP level 5. HP: 22/28 MP: 8/8
  3251 | D:2      | Found a snail-covered altar of Cheibriados.
  3709 | D:3      | Reached skill level 5 in Maces & Flails
  3791 | D:3      | Found a stormy altar of Qazlal.
  4047 | D:3      | Reached XP level 6. HP: 25/33 MP: 9/9
  4325 | D:3      | Found a shadowy altar of Dithmenos.
  4434 | D:3      | Reached skill level 6 in Maces & Flails
  4441 | D:3      | Found a faded altar to an unknown god.
  4965 | D:3      | Found a white marble altar of Elyvilon.
  5020 | D:3      | Became a worshipper of Qazlal Stormbringer
  5503 | D:4      | Found a shimmering altar of Xom.
  5517 | D:4      | Reached XP level 7. HP: 37/37 MP: 10/10
  5554 | D:4      | Mangled by an ogre

Action                   |  1- 3 |  4- 6 |  7- 9 || total
-------------------------+-------+-------+-------++-------
Melee: Club              |   230 |   454 |       ||   684
       Unarmed           |     4 |       |       ||     4
       Mace              |       |   159 |     4 ||   163
       Flail             |       |       |    15 ||    15
Throw: Stone             |     3 |       |       ||     3
 Cast: Sandblast         |     9 |       |       ||     9
  Use: Scroll            |       |     9 |       ||     9
       Potion            |       |     2 |     1 ||     3
  Eat: Chunk             |     3 |     4 |     1 ||     8
       Meat ration       |       |     1 |       ||     1
       Royal jelly       |       |     2 |       ||     2
